 Dungeon Crawl Stone Soup version 0.31-a0-466-g98c9adc2b6 (webtiles) character file.

Game seed: 13128912421823415967

262 leukarlung the Slasher (level 6, -2/48 HPs)
             Began as a Human Monk on Aug 5, 2023.
             Was a Believer of the Shining One.
             Killed from afar by a steam dragon (7 damage)
             ... with a ball of steam
             ... on level 3 of the Dungeon.
             The game lasted 00:05:26 (3029 turns).

leukarlung the Slasher (Human Monk)                 Turns: 3029, Time: 00:05:26

Health: -2/48      AC:  5    Str: 12    XL:     6   Next: 42%
Magic:  6/6        EV: 11    Int: 12    God:    the Shining One [**....]
Gold:   121        SH:  0    Dex: 15    Spells: 4/5 levels left

rFire   . . .        a - +0 falchion
rCold   . . .        d - orb {light}
rNeg    + . .        i - +0 ring mail
rPois   .            (no helmet)
rElec   .            (no cloak)
rCorr   .            (no gloves)
SInv    .            (no boots)
Will    .....        (no amulet)
Stlth   +            (no ring)
HPRegen 0.28/turn    (no ring)
MPRegen 0.10/turn

%: no passive effects
@: attractive, glowing, invisible (but backlit and visible)
A: no striking features
a: Renounce Religion, Divine Shield


You were on level 3 of the Dungeon.
You worshipped the Shining One.
The Shining One was pleased with you.
You visited 1 branch of the dungeon, and saw 3 of its levels.

You collected 121 gold pieces.

Inventory:

Hand Weapons
 a - a +0 falchion (weapon)
Armour
 b - a +0 robe
 d - an orb of light (worn)
 i - a +0 ring mail (worn)
Jewellery
 l - a ring of ice
Wands
 s - a wand of polymorph (2)
Scrolls
 e - a scroll of butterflies {unknown}
 h - a scroll of enchant weapon {unknown}
 j - a scroll of enchant armour {unknown}
 k - a scroll of poison {unknown}
 o - a scroll of noise {unknown}
 r - a scroll of amnesia {unknown}
Potions
 f - 2 potions of attraction
 m - a potion of heal wounds {unknown}
 n - a potion of cancellation {unknown}
 p - a potion of degeneration {unknown}
 q - a potion of mutation {unknown}


   Skills:
 + Level 3.8 Fighting
 + Level 5.0 Long Blades
 + Level 2.9 Armour
 + Level 3.4 Dodging
 + Level 0.2 Stealth


You had 4 spell levels left.
You knew the following spells:

 Your Spells              Type           Power      Damage    Failure   Level
a - Sandblast             Erth           0%         2d4       58%         1

Your spell library contained the following spells:

 Spells                   Type           Power      Damage    Failure   Level


Dungeon Overview and Level Annotations

Branches:
Dungeon (3/15)

Altars:
Dithmenos
Zin
The Shining One


Message History

The steam dragon breathes steam at you. The ball of steam hits you!
You hit the steam dragon.
The steam dragon is moderately wounded.
You are engulfed in a cloud of scalding steam.
The steam dragon barely misses you. x2
You hit the steam dragon but do no damage.
The steam dragon is moderately wounded.
The steam dragon bites you but does no damage.
The steam dragon claws you.
You hit the steam dragon.
The steam dragon is heavily wounded.
The steam dragon barely misses you. The steam dragon closely misses you.
You barely miss the steam dragon.
The steam dragon is heavily wounded.
The steam dragon breathes steam at you. The ball of steam hits you!
* * * LOW HITPOINT WARNING * * *
You hit the steam dragon.
The steam dragon is heavily wounded.
You are engulfed in a cloud of scalding steam.
* * * LOW HITPOINT WARNING * * *
The steam dragon bites you.
* * * LOW HITPOINT WARNING * * *
The steam dragon misses you.
It was a potion of curing.
You feel better.
You are engulfed in a cloud of scalding steam.
* * * LOW HITPOINT WARNING * * *
The steam dragon bites you.
* * * LOW HITPOINT WARNING * * *
The steam dragon claws you but does no damage.
It was a potion of attraction.
You feel attractive to monsters.
The steam dragon bites you but does no damage.
The steam dragon claws you but does no damage.
It was a potion of invisibility.
You become transparent, but the glow from your halo prevents you from becoming completely invisible.
The steam dragon breathes steam at you. The ball of steam hits you!
You die...

.#.....###.#
.........#.#
##........#
..#.........#########
....................#
.......)............#
.....)....§.§.......#
..........).§.......#
........#..§...@D.$.#
.#########..§§......#
#......>...#
#..........#
............#
####.........#
###########


You could see a steam dragon (catching breath).

Vanquished Creatures
  Sigmund (D:3)
  An orc priest (D:3)
  2 adders
  A worm (D:2)
  A dart slug (D:3)
  3 orcs (D:3)
  3 bats
  3 endoplasms
  A giant cockroach (D:2)
  4 goblins
  4 hobgoblins
  6 jackals
  2 kobolds
  A quokka (D:1)
  3 ball pythons
  5 frilled lizards
  3 rats
44 creatures vanquished.

Notes
Turn   | Place    | Note
-------+----------+-------------------------------------------
     0 | D:1      | leukarlung the Human Monk began the quest for the Orb.
     0 | D:1      | Reached XP level 1. HP: 18/18 MP: 1/1
   158 | D:1      | Reached XP level 2. HP: 19/24 MP: 2/2
   542 | D:1      | Found a faded altar of an unknown god.
   575 | D:1      | Got Plato's Textbook on Geomancy
   637 | D:1      | Prayed at the altar of an unknown god.
   637 | D:1      | Became a worshipper of the Shining One
   637 | D:1      | Reached * piety under the Shining One
   637 | D:1      | Reached ** piety under the Shining One
   739 | D:1      | Reached XP level 3. HP: 24/29 MP: 3/3
   762 | D:1      | Learned a level 1 spell: Sandblast
  2430 | D:3      | Reached XP level 4. HP: 12/35 MP: 4/4
  2446 | D:3      | Reached skill level 4 in Long Blades
  2446 | D:3      | Reached skill level 1 in Armour
  2561 | D:3      | Found a shadowy altar of Dithmenos.
  2724 | D:3      | Found a glowing silver altar of Zin.
  2724 | D:3      | Noticed an angel
  2818 | D:3      | Reached XP level 5. HP: 39/41 MP: 5/5
  2894 | D:3      | Noticed Sigmund
  2911 | D:3      | Killed Sigmund
  2912 | D:3      | Reached skill level 5 in Long Blades
  2912 | D:3      | Reached XP level 6. HP: 20/48 MP: 6/6
  3017 | D:3      | Noticed a steam dragon
  3026 | D:3      | HP: 2/48 [steam dragon (6)]
  3029 | D:3      | Killed from afar by a steam dragon

Illustrated notes

Levels and vault maps discovered:
D:1:      scummos_arrival_forest, layout_basic,
          shapermc_ecumenical_altar_rom_forum
D:2:      layout_basic
D:3:      layout_rooms, zin_angel, mainiacjoe_overflow_boulevard, uniq_sigmund

Skill      XL: |  1  2  3  4  5 |
---------------+----------------+-----
Long Blades    | 4 5 |  5.0
Armour         | 1 2 |  2.9
Fighting       | |  3.8
Dodging        | |  3.4
Stealth        | |  0.2

Action                     |  1- 3 |  4- 6 || total
---------------------------+-------+-------++-------
  Melee: Falchion          |    81 |    52 ||   133
    Use: Scroll            |     2 |       ||     2
         Potion            |       |     5 ||     5
 Armour: Robe              |     7 |       ||     7
         Ring mail         |    22 |    25 ||    47
  Dodge: Dodged            |    46 |    40 ||    86

Table legend: (Time is in decaauts)
 A = Elapsed time spent in this place.
 B = Non-inter-level travel time spent in this place.
 C = Inter-level travel time spent in this place.
 D = Time resting spent in this place.
 E = Time spent auto-exploring this place.
 F = Levels seen in this place.
 G = Mean time per level.
                   A        B        C        D        E       F      G
               +--------+--------+--------+--------+--------+-----+--------+
         Total |   3043 |   3043 |      0 |   1437 |    871 |   3 | 1014.3 |
       Dungeon |   3043 |   3043 |      0 |   1437 |    871 |   3 | 1014.3 |
               +--------+--------+--------+--------+--------+-----+--------+

Top non-repeatable levels by time:
     D:2: 1259 daAuts
     D:1: 1156 daAuts
     D:3: 627 daAuts
